AoeStats
← gob b

MegaRandom

505510254Analyzed
4v4 RM · 22d ago on Sep 9, 2026· 52m 48s· 8 players
Game mode
Random Map
Map size
Large (8 player)
Population
200
Speed
Normal
Resources
Standard
Victory
Conquest
Starting age
Dark Age
Ending age
Imperial Age
RankedLock teamsTeams togetherTeam positionsShared explorationLock speedFull tech treeHidden civsTurbo modeCheats
Victory
Defeat
🇫🇷 Koreans · France
1109
+15
🇬🇪 Mongols · Georgia
1094
+16
🇬🇬 Japanese · Guernsey
1090
+16
🇮🇳 Teutons · India
1061
+17
🇮🇹 Japanese · Italy
1200
-21
🇪🇸 Sicilians · Spain
1088
-16
🇦🇹 Berbers · Austria
1049
-14
🇩🇪 Franks · Germany
1016
-13
NathiousEsp
0:27 Loom
10:31 Feudal Age
12:02 Double-Bit Axe
13:34 Fletching
15:03 Wheelbarrow
19:00 Castle Age
20:56 Medium Warships
20:46 Bodkin Arrow
21:46 Hand Cart
25:41 Ballistics
30:22 Imperial Age
27:40 Town Watch
29:36 Squires
29:22 Arson
31:27 Town Patrol
33:04 Scale Mail Armor
33:14 Forging
33:05 Bracer
35:05 First Crusade
35:07 Conscription
35:27 Chain Mail Armor
35:47 Iron Casting
36:52 Elite Serjeant
37:39 Capped Ram
38:13 Pikeman
39:27 Plate Mail Armor
39:32 Iron Casting
39:10 Halberdier
43:09 Arrowslits
46:07 Siege Ram
DER Grieche
7:38 Loom
9:24 Feudal Age
10:40 Double-Bit Axe
13:45 Scale Barding Armor
20:25 Castle Age
18:41 Forging
19:09 Gold Mining
19:45 Stone Mining
22:29 Fletching
23:13 Husbandry
29:01 Chain Barding Armor
31:02 Gold Shaft Mining
30:18 Town Watch
32:05 Iron Casting
35:57 Imperial Age
36:07 Cavalier
37:28 Plate Barding Armor
38:38 Paladin
40:58 Blast Furnace
schneewittchen
11:28 Feudal Age
13:34 Man-at-Arms
16:54 Arson
17:37 Forging
20:25 Castle Age
18:18 Stone Mining
20:51 Scale Mail Armor
21:22 Fletching
23:11 Double-Bit Axe
36:02 Wheelbarrow
35:41 Bodkin Arrow
35:47 Padded Archer Armor
36:53 Horse Collar
38:06 Leather Archer Armor
40:24 Ballistics
40:16 Gold Mining
41:41 Hand Cart
44:48 Imperial Age
42:31 Heavy Plow
42:22 Loom
43:57 Kasbah
44:24 Scale Barding Armor
45:04 Elite Camel Archer
45:51 Maghrebi Camels
47:13 Chemistry
46:52 Bow Saw
47:45 Bracer
48:01 Light Cavalry
Dagoth_Ur
8:11 Loom
10:25 Feudal Age
18:40 Castle Age
16:34 Double-Bit Axe
16:32 Horse Collar
16:48 Horse Collar
17:24 Forging
17:13 Gold Mining
22:28 Bow Saw
24:53 Wheelbarrow
25:40 Ballistics
32:39 Imperial Age
30:44 Heavy Plow
32:18 Scale Mail Armor
32:33 Man-at-Arms
32:59 Gambesons
33:22 Long Swordsman
36:51 Iron Casting
36:32 Chain Mail Armor
36:30 Heavy Scorpion
38:15 Two-Handed Swordsman
38:56 Squires
40:28 Hand Cart
39:50 Champion
46:24 Blast Furnace
45:55 Plate Mail Armor
48:20 Chemistry
gob b
11:40 Feudal Age
12:46 Double-Bit Axe
12:42 Horse Collar
15:16 Castle Age
13:08 Gold Mining
16:33 Loom
20:28 Bow Saw
22:26 Wheelbarrow
29:21 Heavy Plow
32:47 Imperial Age
30:35 Hand Cart
31:27 Forging
31:22 Scale Barding Armor
32:54 Cavalier
33:46 Bloodlines
34:15 Paladin
36:39 Iron Casting
36:25 Chain Barding Armor
39:10 Blast Furnace
42:36 Chemistry
41:57 Ballistics
43:01 Plate Barding Armor
abgdevzt
0:31 Loom
11:36 Feudal Age
13:23 Double-Bit Axe
15:52 Castle Age
15:17 Fletching
17:01 Bow Saw
18:51 Padded Archer Armor
18:48 Horse Collar
19:31 Town Watch
20:07 Thumb Ring
22:45 Heavy Plow
23:32 Stone Mining
28:11 Leather Archer Armor
30:01 Bodkin Arrow
30:19 Bloodlines
30:10 Husbandry
31:11 Gold Mining
32:26 Stone Shaft Mining
34:43 Imperial Age
34:29 Wheelbarrow
33:55 Town Patrol
34:46 Elite Mangudai
35:58 Bracer
36:23 Ballistics
37:03 Parthian Tactics
38:18 Chemistry
38:17 Conscription
39:58 Siege Engineers
39:48 Murder Holes
40:04 Masonry
41:09 Hand Cart
42:21 Gold Shaft Mining
42:34 Scale Barding Armor
43:10 Nomads
44:27 Chain Barding Armor
44:18 Forging
44:08 Guard Tower
46:53 Coinage
52:29 Iron Casting
> NUTS <
0:31 Loom
11:29 Feudal Age
13:50 Double-Bit Axe
17:10 Castle Age
16:16 Double-Bit Axe
18:14 Town Watch
19:47 Squires
19:33 Gambesons
19:34 Arson
20:04 Forging
19:55 Scale Mail Armor
19:54 Stone Mining
20:57 Pikeman
21:48 Town Patrol
23:34 Gold Mining
30:11 Chain Mail Armor
35:12 Horse Collar
36:11 Wheelbarrow
40:15 Iron Casting
41:03 Hand Cart
43:48 Imperial Age
43:08 Heavy Plow
43:57 Murder Holes
44:27 Ballistics
45:03 Bow Saw
45:33 Gold Shaft Mining
45:29 Conscription
45:52 Kataparuto
46:07 Plate Mail Armor
47:00 Two-Man Saw
47:42 Blast Furnace
46:22 Elite Samurai
47:40 Capped Ram
51:12 Masonry
51:08 Siege Engineers
Soinard
8:00 Loom
11:28 Feudal Age
16:44 Castle Age
17:03 Crossbowman
18:30 Horse Collar
18:38 Double-Bit Axe
19:25 Fletching
22:11 Wheelbarrow
22:39 Bodkin Arrow
25:47 Man-at-Arms
26:13 Gambesons
27:03 Bow Saw
27:56 Squires
29:37 Scale Mail Armor
30:03 Forging
30:11 Town Watch
31:03 Heavy Plow
32:24 Chain Mail Armor
32:52 Iron Casting
36:28 Imperial Age
35:14 Hand Cart
36:45 Elite Fire Lancer
38:11 Plate Mail Armor
39:05 Pikeman
39:31 Arson
40:28 Bracer
40:02 Halberdier
40:24 Elite Skirmisher
44:29 Heavy Rocket Cart
47:40 Thumb Ring
47:06 Arbalester
49:15 Ballistics
49:57 Chemistry
49:01 Murder Holes
49:17 Masonry
51:15 Conscription
51:02 Treadmill Crane
Connection lost

Rejoining the realm…

Still unreachable

The connection could not be restored.

Session expired

The server has moved on; the page needs a fresh start.